 Dungeon Crawl Stone Soup version 0.30.1-11-g7821555f0a (webtiles) character file.

Game seed: 16521635771404307020

2598 KittyFluff the Protected (level 9, -6/56 HPs)
             Began as a Gargoyle Berserker on Oct 29, 2023.
             Was a Priest of Trog.
             Killed from afar by an orc wizard (10 damage)
             ... with a magic dart
             ... on level 7 of the Dungeon.
             The game lasted 00:23:13 (5578 turns).

KittyFluff the Protected (Gargoyle Berserker)       Turns: 5578, Time: 00:23:14

Health: -6/56      AC: 14    Str: 26    XL:     9   Next: 59%
Magic:  9/9        EV: 12    Int:  7    God:    Trog [***...]
Gold:   1598       SH:  0    Dex:  9    Spells: 8/8 levels left

rFire   . . .        C - +5 flail
rCold   . . .        (no shield)
rNeg    + . .        A - +3 leather armour
rPois   ∞            u - +0 helmet
rElec   +            (no cloak)
rCorr   .            (no gloves)
SInv    .            (no boots)
Will    .....        (no amulet) Stlth
                     (no ring)
HPRegen 0.29/turn    (no ring)
MPRegen 0.11/turn

%: no passive effects
@: confused, on berserk cooldown, slowed, very slow
A: sickness immunity, AC +6, negative energy resistance 1, electricity
resistance, torment resistance 1, petrification resistance
a: Renounce Religion, Berserk, Trog's Hand


You were on level 7 of the Dungeon.
You worshipped Trog.
Trog was most pleased with you.
You visited 1 branch of the dungeon, and saw 7 of its levels.

You collected 1598 gold pieces.

Inventory:

Hand Weapons
 a - a +0 mace
 g - a +2 heavy sling
 q - a +1 whip of electrocution
 v - a +0 sling
 C - a +5 flail (weapon)
Missiles
 h - 3 silver boomerangs
 i - 6 boomerangs (quivered)
 n - 6 poisoned darts
Armour
 t - a +0 robe of cold resistance
 u - a +0 helmet (worn)
 A - a +3 leather armour (worn)
 B - a +2 robe of positive energy
Wands
 j - a wand of light (4)
 E - a wand of charming (4)
Scrolls
 b - 2 scrolls of torment {unknown}
 c - 4 scrolls of teleportation {unknown}
 k - a scroll of immolation {unknown}
 o - 2 scrolls of fear {unknown}
 p - a scroll of vulnerability {unknown}
 x - 4 scrolls of poison
 y - 2 scrolls of enchant armour
 D - a scroll of blinking {unknown}
Potions
 d - a potion of ambrosia
 e - a potion of might
 f - 2 potions of heal wounds
 l - 2 potions of flight {unknown}
 m - a potion of degeneration {unknown}
 r - a potion of brilliance {unknown}
 s - a potion of resistance {unknown}
 w - a potion of lignification {unknown}
 z - 3 potions of curing {unknown}


   Skills:
 + Level 6.5 Fighting
 * Level 8.0 Maces & Flails
 * Level 8.4 Armour
 + Level 4.4 Dodging


You had 8 spell levels left.
You didn't know any spells.
Your spell library was empty.

Dungeon Overview and Level Annotations

Branches:
Dungeon (7/15)
 Temple: D:4-7

Altars:
Ashenzari
Kikubaaqudgha
Makhleb
Okawaru
Sif Muna
Vehumet
Wu Jian
Zin

Shops:
D:3 [


Innate Abilities, Weirdness & Mutations

You are immune to sickness and miasma.
Your stone body is resilient. (AC +6)
You are immune to poison.
You resist negative energy. (rN+)
You are resistant to electric shocks. (rElec)
You are resistant to unholy torment.
You are immune to petrification.


Message History

You hear some strange, mumbled words.
A magic dart appears from out of thin air!
The magic dart hits you but does no damage.
You hit the orc warrior.
The orc warrior is heavily wounded.
You barely miss the orc warrior.
The orc warrior is heavily wounded.
The orc warrior misses you. Something hits you.
* * * LOW HITPOINT WARNING * * *
You barely miss the orc warrior.
The orc warrior is heavily wounded.
The orc warrior misses you. Something hits you but does no damage.
You sock the orc warrior!
The orc warrior is almost dead.
You bludgeon the orc warrior!!
You kill the orc warrior!
Trog accepts your kill.
You hear some strange, mumbled words.
You are confused.
Your Maces & Flails skill increases to level 8!
Something completely misses you.
You see here a +0 whip.
You feel a strong urge to attack something.
There is a stone staircase leading up here.
You miss something. Something hits you.
* * * LOW HITPOINT WARNING * * *
You hear some strange, mumbled words.
Something tries to affect you, but you resist.
Things that are here:
a +0 mace; a +0 chain mail; an orc corpse You sock something!
You completely miss something.
You are no longer berserk.
You are exhausted.
You feel yourself slow down. Something hits you but does no damage.
You bump into the rock wall.
Something hits you but does no damage.
You hear some strange, mumbled words.
A magic dart appears from out of thin air!
The magic dart hits you!
You die...

########
#@<....###
#{).......
#.........
#.........
#.........
#.).......
...........
.............
##............


There were no monsters in sight!

Vanquished Creatures
  Pikel (D:3)
  A shadow (D:5)
  A water moccasin (D:6)
  Duvessa (D:5)
  An orc warrior (D:7)
  2 ice beasts
  4 black bears
  An ogre (D:4)
  A phantom (D:6)
  6 wights
  Dowan (D:5)
  2 hounds (D:6)
  6 jellies
  2 orc priests
  A sleepcap (D:5)
  3 iguanas
  5 orc wizards
  6 adders
  An ufetubus (D:3)
  3 worms
  A dart slug (D:3)
  18 orcs
  4 ball pythons (D:1)
  8 endoplasms
  3 giant cockroaches
  5 goblins
  5 hobgoblins
  2 jackals (D:1)
  6 kobolds
  4 quokkas
  6 bats (D:1)
  2 frilled lizards (D:1)
  5 rats
118 creatures vanquished.

Notes
Turn   | Place    | Note
-------+----------+-------------------------------------------
     0 | D:1      | KittyFluff the Gargoyle Berserker began the quest for the
                  | Orb.
     0 | D:1      | Reached XP level 1. HP: 14/14 MP: 1/1
   213 | D:1      | Reached XP level 2. HP: 15/19 MP: 2/2
   690 | D:1      | Found a faded altar of an unknown god.
   875 | D:1      | Reached ** piety under Trog
  1001 | D:2      | Reached XP level 3. HP: 23/23 MP: 3/3
  1698 | D:3      | Reached XP level 4. HP: 26/28 MP: 4/4
  1871 | D:3      | Found an ornate altar of the Wu Jian Council.
  1892 | D:3      | Found Qinof Laso's Armour Shoppe.
  2037 | D:3      | Found a broken altar of Ashenzari.
  2289 | D:4      | Noticed Pikel
  2289 | D:4      | Noticed a lemure
  2289 | D:4      | Noticed a lemure
  2289 | D:4      | Noticed a lemure
  2289 | D:4      | Noticed a lemure
  2303 | D:3      | Killed Pikel
  2304 | D:3      | Reached skill level 5 in Maces & Flails
  2304 | D:3      | Reached skill level 5 in Armour
  2304 | D:3      | Reached XP level 5. HP: 6/34 MP: 5/5
  2304 | D:3      | Reached XP level 6. HP: 7/39 MP: 6/6
  2304 | D:3      | Reached XP level 7. HP: 8/44 MP: 7/7
  2957 | D:4      | Reached *** piety under Trog
  3003 | D:5      | Entered Level 5 of the Dungeon
  3041 | D:4      | Reached skill level 5 in Fighting
  3111 | D:5      | Reached XP level 8. HP: 49/49 MP: 8/8
  3153 | D:5      | Noticed a shadow
  3162 | D:5      | Killed a shadow
  3242 | D:5      | Noticed Dowan
  3244 | D:5      | Noticed Duvessa
  3580 | D:5      | Killed Duvessa
  3586 | D:5      | Killed Dowan
  3699 | D:5      | Found a glowing silver altar of Zin.
  3702 | D:5      | Found a radiant altar of Vehumet.
  3876 | D:5      | Found an ancient bone altar of Kikubaaqudgha.
  3877 | D:5      | Found a shimmering blue altar of Sif Muna.
  3989 | D:5      | Found an iron altar of Okawaru.
  4212 | D:6      | Identified a scroll of acquirement
  4216 | D:6      | Acquired 1199 gold pieces
  4235 | D:6      | Reached XP level 9. HP: 48/55 MP: 9/9
  5383 | D:6      | Found a burning altar of Makhleb.
  5574 | D:7      | HP: 4/84 [something (5)]
  5578 | D:7      | Killed from afar by an orc wizard

Illustrated notes

Levels and vault maps discovered:
D:1:      dpeg_arrival_subterranean_lakeside_camping, layout_basic,
          shapermc_ecumenical_altar_totnotflames
D:2:      layout_loops_ring
D:3:      layout_loops_ring, cheibrodos_ashenzari_chains,
          mainiacjoe_overflow_small_starburst, serial_shops, shop
D:4:      layout_rooms, uniq_pikel
D:5:      layout_cave_pools, grunt_temple_overflow_magic_moments,
          mainiacjoe_overflow_brackets, zin_academy, uniq_duvessa
D:6:      layout_basic, mainiacjoe_overflow_24_doors
D:7:      layout_basic, minmay_temple_entry_mist, ebering_ghost_disaster_area,
          minivault_26

Skill      XL: |  1  2  3  4  5  6  7  8  9 |
---------------+----------------------------+-----
Armour         | 3 5 7 8 |  8.4
Dodging        | 2 3 4 |  4.4
Fighting       | 4 5 6 |  6.5
Maces & Flails | 5 7 8 |  8.0

Action                     |  1- 3 |  4- 6 |  7- 9 || total
---------------------------+-------+-------+-------++-------
  Melee: Mace              |   122 |    27 |       ||   149
         Punch             |     1 |       |     5 ||     6
         Whip              |       |       |   207 ||   207
         Flail             |       |       |   110 ||   110
 Invoke: Berserk           |       |     1 |     1 ||     2
    Use: Scroll            |       |       |     8 ||     8
 Armour: Animal skin       |    36 |       |       ||    36
         Leather armour    |    13 |     8 |   151 ||   172
  Dodge: Dodged            |    70 |    15 |   166 ||   251
